AoeStats
← ÇEPNİ (UGR28)

Arabia

509722944Analyzed
1v1 RM · 4d ago on Sep 27, 2026· 42m 1s· 2 players
Game mode
Random Map
Map size
Tiny (2 player)
Population
200
Speed
Normal
Resources
Standard
Victory
Conquest
Starting age
Dark Age
Ending age
Imperial Age
RankedLock teamsTeams togetherTeam positionsShared explorationLock speedFull tech treeHidden civsTurbo modeCheats
Victory
Defeat
🇨🇴 Romans · Colombia
1090
+16
🇹🇷 Malians · Türkiye
1094
-16
Maxtemplar07
6:24 Loom
9:22 Feudal Age
9:54 Double-Bit Axe
9:52 Horse Collar
10:45 Man-at-Arms
13:28 Wheelbarrow
20:51 Castle Age
20:39 Fletching
20:49 Padded Archer Armor
22:42 Bow Saw
23:16 Bodkin Arrow
22:58 Elite Skirmisher
24:11 Pikeman
36:05 Imperial Age
34:11 Hand Cart
33:53 Town Watch
34:30 Heavy Plow
36:17 Squires
36:29 Forging
36:20 Scale Mail Armor
36:54 Ballistics
36:47 Masonry
38:18 Chemistry
37:28 Masonry
37:43 Gold Mining
37:59 Halberdier
39:24 Siege Engineers
39:59 Iron Casting
39:39 Chain Mail Armor
41:18 Conscription
41:58 Scale Barding Armor
42:20 Bloodlines
42:10 Husbandry
ÇEPNİ (UGR28)
5:15 Loom
9:07 Feudal Age
12:23 Man-at-Arms
18:33 Fletching
23:08 Castle Age
22:05 Gold Mining
22:35 Scale Barding Armor
27:35 Bloodlines
30:52 Forging
31:22 Horse Collar
33:20 Heavy Plow
33:29 Double-Bit Axe
34:45 Town Watch
38:55 Imperial Age
37:06 Scale Mail Armor
36:59 Crossbowman
38:36 Wheelbarrow
38:35 Chain Mail Armor
38:56 Iron Casting
38:58 Husbandry
39:06 Bodkin Arrow
39:35 Ballistics
40:53 Chemistry
40:15 Padded Archer Armor
39:40 Arbalester
Connection lost

Rejoining the realm…

Still unreachable

The connection could not be restored.

Session expired

The server has moved on; the page needs a fresh start.